Map: Романтицид РВ

Players

GeNieS - Winner!

  • Race: Protoss Protoss
  • League: Master
  • Spawn Location: 5:00

soul

  • Race: Protoss Protoss
  • League: Master
  • Spawn Location: 11:00

VOD

Have the link to the VOD?

Description

Time

  • Played on: Feb. 8, 2021, 9:22 a.m.
  • Length: 4:58
Show
View Real Time Build Order
Export as new Build Order

GeNieS Protoss - Winner!

Build Orders: Dark Templar Rush 

Get SALT Encoding   

  12  0:00  Probe  
  13  0:12  Probe  
  14  0:17  Pylon  
  14  0:24  Probe (Chrono Boost)  
  16  0:37  Probe (Chrono Boost)  
  16  0:38  Gateway  
  16  0:42  Probe (Chrono Boost)  
  16  0:45  Assimilator  
  17  0:52  Probe (Chrono Boost)  
  17  0:54  Assimilator  
  18  1:04  Probe (Chrono Boost)  
  19  1:07  Gateway  
  19  1:13  Probe (Chrono Boost)  
  19  1:18  Probe  
  20  1:25  Cybernetics Core  
  21  1:30  Probe  
  22  1:37  Pylon  
  22  1:42  Probe  
  23  2:02  Stalker x2  
  23  2:05  Warp Gate  
  27  2:11  Twilight Council  
  27  2:26  Pylon  
  27  2:34  Stalker x2  
  31  2:51  Dark Shrine  
  31  3:10  Nexus  
  31  3:17  Pylon  
  31  3:29  Pylon  
  31  3:35  Probe  
  28  3:55  Gateway  
  28  3:57  Probe  
  29  4:03  Dark Templar  
  29  4:06  Dark Templar  
  29  4:09  Probe  
  34  4:21  Probe  
  34  4:22  Probe  
  35  4:33  Probe  
  35  4:34  Probe  
  35  4:37  Stalker  
  36  4:45  Dark Templar  
Show
View Real Time Build Order
Export as new Build Order

soul Protoss 

Build Orders:  

Get SALT Encoding   

  12  0:01  Probe  
  13  0:13  Probe  
  14  0:19  Pylon  
  14  0:25  Probe  
  15  0:38  Probe (Chrono Boost)  
  16  0:44  Gateway  
  16  0:48  Assimilator  
  17  0:50  Probe (Chrono Boost)  
  17  0:55  Probe (Chrono Boost)  
  18  1:02  Assimilator  
  18  1:07  Probe (Chrono Boost)  
  19  1:12  Gateway  
  19  1:19  Probe (Chrono Boost)  
  20  1:27  Probe (Chrono Boost)  
  21  1:33  Cybernetics Core, Probe  
  21  1:38  Pylon  
  22  1:45  Probe  
  23  1:57  Probe  
  24  2:05  Warp Gate (Chrono Boost)  
  24  2:10  Stalker x2  
  24  2:14  Pylon  
  28  2:45  Nexus  
  28  2:48  Stalker  
  30  2:53  Stalker  
  32  3:05  Shield Battery  
  32  3:06  Probe  
  32  3:18  Probe  
  33  3:30  Probe  
  34  3:36  Pylon  
  34  3:39  Stalker x2  
  36  3:43  Probe  
  34  3:56  Probe (Chrono Boost)  
  34  4:00  Probe (Chrono Boost)  
  35  4:05  Shield Battery  
  35  4:06  Adept  
  35  4:07  Adept  
  40  4:12  Probe (Chrono Boost)  
  40  4:13  Probe (Chrono Boost)  
  41  4:21  Probe x2 (Chrono Boost)  
  44  4:33  Stalker x2  
  40  4:39  Robotics Facility  
  40  4:43  Pylon  
Tags
 
Add a new tag
Caveats
  • Supply blocks, unpowered buildings, or Contaminate may cause inaccurate times.
  • Supply counts are checked every 10 seconds.